 Dungeon Crawl Stone Soup version 0.24-a0-217-g1152973 (console) character file.

Game seed: 13697061478722625385

760 bli the Sneak (level 7, -2/48 HPs)
             Began as an Octopode Assassin on Mar 29, 2019.
             Was a Follower of Dithmenos.
             Slain by a phantom (8 damage)
             ... on level 5 of the Dungeon.
             The game lasted 00:11:18 (4211 turns).

bli the Sneak (Octopode Assassin)                   Turns: 4211, Time: 00:11:19

Health: -2/48      AC:  1    Str: 12    XL:     7   Next: 80%
Magic:  0/7        EV: 14    Int: 13    God:    Dithmenos [*.....]
Gold:   196        SH:  0    Dex: 14    Spells: 6/6 levels left

rFire    + . .     SeeInvis .   a - +2 dagger
rCold    . . .     Gourm    .   (no shield)
rNeg     . . .     Faith    .   (helmet restricted)
rPois    .         Spirit   +   D - amulet of guardian spirit
rElec    .         Reflect  .   E - ring of protection from fire
rCorr    .         Harm     .   (no ring)
MR       .....                  (no ring)
Stlth    ++++++....             (no ring)
HPRegen  0.16/turn              (no ring)
MPRegen  0.10/turn              (no ring)
                                (no ring)
                                (no ring)

@: wreathed by umbra
A: almost no armour, stealthy swim, amphibious, 8 rings, constrict 8, camouflage
1, gelatinous body 1
a: Renounce Religion


You were on level 5 of the Dungeon.
You worshipped Dithmenos.
Dithmenos was aware of your devotion.
You were not hungry.

You visited 1 branch of the dungeon, and saw 5 of its levels.

You collected 196 gold pieces.

Inventory:

Hand Weapons
 a - a +2 dagger (weapon)
 b - a +0 blowgun
 n - a +0 falchion
 p - a +0 hunting sling
Missiles
 c - 17 poisoned needles
 d - 2 curare-tipped needles
 e - 157 stones (quivered)
 i - 117 arrows
 r - 16 sling bullets
Armour
 v - a +0 shield
Magical Staves
 x - an uncursed staff of energy
Jewellery
 D - an amulet of guardian spirit (around mantle)
 E - a ring of protection from fire (left tentacle)
Wands
 g - a wand of paralysis (8)
 s - a wand of iceblast (9)
 I - a wand of scattershot (3)
Scrolls
 j - 12 scrolls of identify {unknown}
 k - 2 scrolls of random uselessness {unknown}
 l - a scroll of amnesia {unknown}
 t - 2 scrolls of enchant weapon {unknown}
 y - 2 scrolls of remove curse {unknown}
 z - a scroll of noise {unknown}
 A - a scroll of fog {unknown}
 B - a scroll of magic mapping {unknown}
 F - a scroll of teleportation {unknown}
Potions
 h - a potion of resistance {unknown}
 m - 2 potions of cancellation
 o - a potion of ambrosia {unknown}
 q - a potion of flight {unknown}
 u - a potion of haste {unknown}
 w - 4 potions of degeneration {unknown}
 C - a potion of mutation {unknown}
 G - a potion of berserk rage {unknown}
 H - a potion of lignification {unknown}
Comestibles
 f - 7 rations


   Skills:
 * Level 4.0 Fighting
 * Level 6.0 Short Blades
 - Level 2.0 Throwing
 * Level 3.0 Dodging
 - Level 7.6 Stealth


You had 6 spell levels left.
You didn't know any spells.
Your spell library was empty.

Dungeon Overview and Level Annotations

Branches:
Dungeon (5/15)
 Temple: D:4-7

Altars:
Dithmenos
Nemelex Xobeh
Qazlal
Xom
The Shining One

Annotations:
D:4 Natasha


Innate Abilities, Weirdness & Mutations

You cannot wear most types of armour.
You are very stealthy in the water. (Stealth+)
You are amphibious.
You can wear up to eight rings at the same time.
You can use your tentacles to constrict eight enemies at once.
Your skin changes colour to match your surroundings (Stealth+).
Your rubbery body absorbs attacks. (AC +1, EV +1)


Message History

* * * LOW HITPOINT WARNING * * *
The phantom blinks!
You hit the phantom but do no damage. You squeeze the phantom.
The phantom is heavily damaged.
You hit the phantom.
The phantom is severely damaged.
The phantom barely misses you.
You hit the phantom but do no damage. You squeeze the phantom.
The phantom is severely damaged.
The phantom misses you.
You hit the phantom. Your squeeze misses the phantom.
The phantom is almost destroyed.
You barely miss the phantom.
The phantom is almost destroyed.
The phantom hits you!
* * * LOW HITPOINT WARNING * * *
You hit the phantom.
The phantom is almost destroyed.
The phantom hits you!
You die...

#####.###.########
........#.#......#
#..#...........#.#
#..#.#.......#.#.#
##.#.#.#...#.#.#.##
##.#.#.#.#.#.#.#..#
#..#.#.#.#.#.#.#..#
#..#.#.#...#.#.#..#
#..#.#.......#.#..#
#..#...........#))#
........##.....W@.#
####..[###.######.#
##.## .# #.# #.# .#
#.. #.# ###.
#.####.### .#
#........Z #
######.###


You could see a phantom.

Vanquished Creatures
  An ogre (D:5)
  A sky beast (D:5)
  A centaur (D:5)
  A scorpion (D:5)
  A centaur zombie (D:4)
  A bullfrog skeleton (D:5)
  A hound (D:5)
  2 orc priests (D:5)
  An orc wizard (D:3)
  Terence (D:3)
  An iguana (D:5)
  A worker ant (D:5)
  2 hound skeletons (D:4)
  A worker ant zombie (D:5)
  Robin (D:3)
  4 adders
  An ooze (D:1)
  An adder skeleton (D:4)
  4 worms
  2 dart slugs
  3 leopard geckos
  5 orcs
  2 ball pythons
  A giant cockroach (D:4)
  13 goblins
  10 hobgoblins
  10 jackals (D:1)
  6 kobolds
  3 quokkas
  7 bats
  4 frilled lizards
  A leopard gecko skeleton (D:5)
  6 rats
100 creatures vanquished.

Notes
Turn   | Place    | Note
-------+----------+-------------------------------------------
     0 | D:1      | bli the Octopode Assassin began the quest for the Orb.
     0 | D:1      | Reached XP level 1. HP: 14/14 MP: 1/1
    66 | D:1      | Reached XP level 2. HP: 13/19 MP: 2/2
   109 | D:1      | Reached skill level 6 in Stealth
   612 | D:1      | Reached XP level 3. HP: 25/25 MP: 3/3
  1209 | D:2      | Found a shadowy altar of Dithmenos.
  1213 | D:2      | Became a worshipper of Dithmenos the Shadowed
  1255 | D:2      | Reached XP level 4. HP: 30/30 MP: 4/4
  1982 | D:3      | Found a shimmering altar of Xom.
  2030 | D:3      | Noticed Robin
  2037 | D:3      | Reached * piety under Dithmenos
  2054 | D:3      | HP: 1/30 [Robin/+0 whip (5)]
  2056 | D:3      | Killed Robin
  2443 | D:3      | Reached XP level 5. HP: 35/35 MP: 5/5
  2592 | D:3      | Found a glowing golden altar of the Shining One.
  2666 | D:3      | Noticed Terence
  2680 | D:3      | Killed Terence
  2680 | D:3      | Reached skill level 7 in Stealth
  2907 | D:4      | Noticed Natasha
  3350 | D:4      | Found a sparkling altar of Nemelex Xobeh.
  3388 | D:4      | Reached XP level 6. HP: 29/42 MP: 6/6
  3397 | D:4      | Found a stormy altar of Qazlal.
  3443 | D:5      | Entered Level 5 of the Dungeon
  3685 | D:5      | Reached XP level 7. HP: 12/46 MP: 1/7
  3693 | D:5      | Reached skill level 5 in Short Blades
  4211 | D:5      | Slain by a phantom

Levels and vault maps discovered:
D:1:      ncdulo_smallfort, layout_basic
D:2:      layout_loops_ring, overflow_temple_1_default, minmay_pentomino_o2
D:3:      layout_loops_ring, tso_altar, lemuel_coloured_pillars_altar,
          minmay_distorted, uniq_robin, uniq_terence
D:4:      layout_rooms, nicolae_overflow_crystal_walls, kennysheep_little_box,
          marbit_many_paths, vehumet_statue, nicolae_qazlal_general_emergency,
          uniq_crazy_yiuf_cottage, uniq_natasha, uniq_eustachio
D:5:      layout_loops_ring, kennysheep_mini, enter_ossuary_5, first_ration,
          minmay_misc_feat_more_columns

Skill      XL: |  1  2  3  4  5  6  7 |
---------------+----------------------+-----
Stealth        | 6 7 |  7.6
Short Blades   | 3 4 6 |  6.0
Fighting       | 3 4 |  4.0
Dodging        | 2 3 |  3.0
Throwing       | |  2.0

Action                   |  1- 3 |  4- 6 |  7- 9 || total
-------------------------+-------+-------+-------++-------
Melee: Dagger            |    76 |   115 |    57 ||   248
       Constrict         |    25 |    26 |     6 ||    57
       Tentacles         |    14 |    24 |    10 ||    48
Throw: Stone             |     1 |       |       ||     1
  Use: Potion            |       |     3 |       ||     3
 Stab: Sleeping          |     8 |    19 |     4 ||    31
  Eat: Chunk             |     1 |     8 |     1 ||    10
Armor: Skin              |    11 |     3 |     2 ||    16
Dodge: Dodged            |    53 |    61 |    29 ||   143

Table legend:
 A = Non-vault XP
 B = Vault XP
 C = Vault XP percentage of total XP
 D = Non-vault monster count
 E = Vault monster count
 F = Vault count percentage of total count
                 A         B        C        D         E       F
            +---------+---------+-------+---------+---------+-------
      Total |    1012 |      74 |   6.8 |      86 |      14 |  14.0
            +---------+---------+-------+---------+---------+-------
        D:1 |      56 |       0 |   0.0 |      30 |       0 |   0.0
        D:2 |      63 |       3 |   4.5 |      24 |       2 |   7.7
        D:3 |      58 |      71 |  55.0 |       7 |      12 |  63.2
        D:4 |     106 |       0 |   0.0 |       7 |       0 |   0.0
        D:5 |     729 |       0 |   0.0 |      18 |       0 |   0.0
            +---------+---------+-------+---------+---------+-------
